 Dungeon Crawl Stone Soup version 0.29-a0-284-gf9362112df (webtiles) character file.

Game seed: 15468174969600051792

234 epen the Archer (level 6, -17/50 HPs)
             Began as a Gnoll Hunter on Mar 14, 2022.
             Demolished by an ogre
             ... wielding a +0 giant club
              (29 damage)
             ... on level 3 of the Dungeon.
             The game lasted 00:03:21 (1904 turns).

epen the Archer (Gnoll Hunter)                      Turns: 1904, Time: 00:03:22

Health: -17/50     AC:  8    Str: 10    XL:     6   Next: 5%
Magic:  8/8        EV: 14    Int:  8    God:
Gold:   173        SH:  5    Dex: 18    Spells: 8/8 levels left

rFire   . . .      SeeInvis +   f - +0 dagger (drain)
rCold   . . .      Faith    .   (no shield)
rNeg    . . .      Spirit   .   b - +0 leather armour
rPois   +          Reflect  +   (no helmet)
rElec   .          Harm     .   i - +2 cloak
rCorr   .          Rampage  .   (no gloves)
Will    .....      Clarity  +   (no boots)
Stlth   ++........              e - amulet of reflection
HPRegen 0.16/turn               j - ring of poison resistance
MPRegen 0.11/turn               (no ring)

@: mighty
A: fangs 1, strong nose, distributed training, iridescent scales 1, see
invisible, clarity
a: no special abilities


You were on level 3 of the Dungeon.
You visited 1 branch of the dungeon, and saw 3 of its levels.

You collected 173 gold pieces.

Inventory:

Hand Weapons
 a - a +1 shortbow
 f - a +0 dagger of draining (weapon)
Armour
 b - a +0 leather armour (worn)
 i - a +2 cloak (worn)
Jewellery
 e - an amulet of reflection (around neck)
 j - a ring of poison resistance (left hand)
Scrolls
 c - 3 scrolls of immolation
 k - a scroll of teleportation {unknown}
 m - a scroll of vulnerability {unknown}
 n - a scroll of acquirement {unknown}
 p - a scroll of fog {unknown}
Potions
 d - a potion of attraction


   Skills:
 + Level 4.9 Fighting
 + Level 1.7 Short Blades
 + Level 1.7 Long Blades
 + Level 1.7 Axes
 + Level 1.7 Maces & Flails
 + Level 1.7 Polearms
 + Level 1.7 Staves
 + Level 1.7 Slings
 + Level 8.7 Bows
 + Level 1.7 Crossbows
 + Level 1.7 Throwing
 + Level 1.7 Armour
 + Level 4.9 Dodging
 + Level 2.9 Stealth
 + Level 1.7 Shields
 + Level 1.7 Unarmed Combat
 + Level 1.7 Spellcasting
 + Level 1.3 Conjurations
 + Level 1.3 Hexes
 + Level 1.3 Summonings
 + Level 1.3 Necromancy
 + Level 1.3 Translocations
 + Level 1.3 Transmutations
 + Level 1.3 Fire Magic
 + Level 1.3 Ice Magic
 + Level 1.3 Air Magic
 + Level 1.3 Earth Magic
 + Level 1.3 Poison Magic
 + Level 2.0 Invocations
 + Level 1.7 Evocations


You had 8 spell levels left.
You didn't know any spells.
Your spell library contained the following spells:

 Spells                   Type           Power      Damage    Failure   Level
 Pain                     Necr           8%         1d4       28%         1


Dungeon Overview and Level Annotations

Branches:
Dungeon (3/15)

Altars:
Makhleb

Shops:
D:2 :


Innate Abilities, Weirdness & Mutations

You have very sharp teeth.
Your uncanny sense of smell can sniff out nearby items.
Your experience applies equally to all skills.
You are partially covered in iridescent scales. (AC +2)
You have supernaturally acute eyesight. (SInv)
You possess an exceptional clarity of mind.


Message History

You aren't carrying any items that you can evoke.
As you read the scroll labelled QOONICZAMUENA, it crumbles to dust.
It is a scroll of identify.
d - a potion of attraction You block the ogre's attack.
It was a potion of curing.
You feel better.
The ogre hits you with a +0 giant club!!
* * * LOW HITPOINT WARNING * * *
It was a potion of mutation.
You feel extremely strange.
Your vision sharpens.
Iridescent scales grow over part of your body.
Your thoughts seem clearer.
The ogre closely misses you.
Autopickup is now off.
Autopickup is now on.
Okay, then.
Okay, then.
It was a potion of might.
You feel very mighty all of a sudden.
Shoot: a) +1 shortbow
Press: ? - help, Shift-Dir - straight line, f/p - ogre
Aim: an ogre, wielding a +0 giant club (lightly wounded, 80% to hit)
You sense an unholy aura.
f - a +0 dagger of draining (weapon)
You block the ogre's attack.
You hit the ogre.
The ogre is moderately wounded.
You barely miss the ogre.
The ogre is moderately wounded.
The ogre barely misses you.
You barely miss the ogre.
The ogre is moderately wounded.
You barely miss the ogre. You bite the ogre.
The ogre is heavily wounded.
The ogre barely misses you.
You barely miss the ogre.
The ogre is heavily wounded.
The ogre hits you with a +0 giant club!!
Ouch! That really hurt!
You die...

##.....).<##
#..........# #
#..........# ####.#
#..........# #....#
#..........# #.##.#
#..........# ##.#
##......<.#####..#
##...........##O##
#..........#..@.#######.
#..........#............
#..........#............
#..........#............
#..........#..........##
##........#...........#
#..†....##...........#
##.########.#......####
#...........#......#


You could see an ogre.

Vanquished Creatures
  A necrophage (D:2)
  3 iron imps (D:3)
  4 adders
  3 worms (D:2)
  An orc (D:3)
  3 bats (D:3)
  3 endoplasms
  A giant cockroach (D:2)
  5 goblins
  3 hobgoblins
  4 jackals (D:1)
  A quokka (D:1)
  4 ball pythons
  3 frilled lizards
  7 kobolds
  3 rats
49 creatures vanquished.

Notes
Turn   | Place    | Note
-------+----------+-------------------------------------------
     0 | D:1      | epen the Gnoll Hunter began the quest for the Orb.
     0 | D:1      | Reached XP level 1. HP: 20/20 MP: 1/1
   344 | D:1      | Reached XP level 2. HP: 26/26 MP: 2/2
   344 | D:1      | Found a faded altar of an unknown god.
   355 | D:1      | Got Plato's Collected Works on Evil
   873 | D:2      | Reached XP level 3. HP: 31/31 MP: 3/3
  1028 | D:2      | Reached skill level 1 in Invocations
  1044 | D:2      | Found Jedieste's Book Emporium.
  1167 | D:2      | Reached skill level 1 in Short Blades
  1167 | D:2      | Reached skill level 1 in Long Blades
  1167 | D:2      | Reached skill level 1 in Axes
  1167 | D:2      | Reached skill level 1 in Maces & Flails
  1167 | D:2      | Reached skill level 1 in Polearms
  1167 | D:2      | Reached skill level 1 in Staves
  1167 | D:2      | Reached skill level 1 in Slings
  1167 | D:2      | Reached skill level 1 in Crossbows
  1167 | D:2      | Reached skill level 1 in Throwing
  1167 | D:2      | Reached skill level 1 in Armour
  1167 | D:2      | Reached skill level 1 in Shields
  1167 | D:2      | Reached skill level 1 in Unarmed Combat
  1167 | D:2      | Reached skill level 1 in Spellcasting
  1167 | D:2      | Reached skill level 1 in Evocations
  1183 | D:2      | Noticed a necrophage
  1196 | D:2      | Killed a necrophage
  1197 | D:2      | Reached skill level 1 in Conjurations
  1197 | D:2      | Reached skill level 1 in Hexes
  1197 | D:2      | Reached skill level 1 in Summonings
  1197 | D:2      | Reached skill level 1 in Necromancy
  1197 | D:2      | Reached skill level 1 in Translocations
  1197 | D:2      | Reached skill level 1 in Transmutations
  1197 | D:2      | Reached skill level 1 in Fire Magic
  1197 | D:2      | Reached skill level 1 in Ice Magic
  1197 | D:2      | Reached skill level 1 in Air Magic
  1197 | D:2      | Reached skill level 1 in Earth Magic
  1197 | D:2      | Reached skill level 1 in Poison Magic
  1197 | D:2      | Reached XP level 4. HP: 29/38 MP: 5/5
  1434 | D:2      | Reached XP level 5. HP: 43/43 MP: 6/6
  1759 | D:3      | Found a burning altar of Makhleb.
  1835 | D:3      | Reached XP level 6. HP: 50/50 MP: 8/8
  1897 | D:3      | Gained mutation: You have supernaturally acute eyesight.
                  | (SInv) [potion of mutation]
  1897 | D:3      | Gained mutation: You are partially covered in iridescent
                  | scales. (AC +2) [potion of mutation]
  1897 | D:3      | Gained mutation: You possess an exceptional clarity of
                  | mind. [potion of mutation]
  1904 | D:3      | Demolished by an ogre

Illustrated notes

Levels and vault maps discovered:
D:1:      tarquinn_simple_flora_water_c, layout_basic,
          shapermc_ecumenical_altar_rom_forum
D:2:      layout_basic, serial_shops, nicolae_shop_waterfront
D:3:      layout_rooms, demons_altar, minmay_fractal_squares_diagonal_5

Skill      XL: |  1  2  3  4  5  6 |
---------------+-------------------+-----
Invocations    | 1 2 |  2.0
Short Blades   | 1 |  1.7
Long Blades    | 1 |  1.7
Axes           | 1 |  1.7
Maces & Flails | 1 |  1.7
Polearms       | 1 |  1.7
Staves         | 1 |  1.7
Slings         | 1 |  1.7
Crossbows      | 1 |  1.7
Throwing       | 1 |  1.7
Armour         | 1 |  1.7
Shields        | 1 |  1.7
Unarmed Combat | 1 |  1.7
Spellcasting   | 1 |  1.7
Evocations     | 1 |  1.7
Conjurations   | 1 |  1.3
Hexes          | 1 |  1.3
Summonings     | 1 |  1.3
Necromancy     | 1 |  1.3
Translocations | 1 |  1.3
Transmutations | 1 |  1.3
Fire Magic     | 1 |  1.3
Ice Magic      | 1 |  1.3
Air Magic      | 1 |  1.3
Earth Magic    | 1 |  1.3
Poison Magic   | 1 |  1.3
Fighting       | |  4.9
Bows           | |  8.7
Dodging        | |  4.9
Stealth        | |  2.9

Action                   |  1- 3 |  4- 6 || total
-------------------------+-------+-------++-------
Melee: Dagger            |       |     5 ||     5
       Bite              |       |     1 ||     1
 Fire: Shortbow          |    63 |    60 ||   123
  Use: Potion            |       |     3 ||     3
       Scroll            |       |     1 ||     1
Armor: Leather armour    |     2 |       ||     2
Dodge: Dodged            |    12 |     8 ||    20
Block: Other             |       |     2 ||     2

Table legend: (Time is in decaauts)
 A = Elapsed time spent in this place.
 B = Non-inter-level travel time spent in this place.
 C = Inter-level travel time spent in this place.
 D = Time resting spent in this place.
 E = Time spent auto-exploring this place.
 F = Levels seen in this place.
 G = Mean time per level.
                   A        B        C        D        E       F      G
               +--------+--------+--------+--------+--------+-----+--------+
         Total |   1918 |   1833 |     85 |      0 |   1557 |   3 |  639.3 |
       Dungeon |   1918 |   1833 |     85 |      0 |   1557 |   3 |  639.3 |
               +--------+--------+--------+--------+--------+-----+--------+

Top non-repeatable levels by time:
     D:1: 826 daAuts
     D:2: 807 daAuts
     D:3: 284 daAuts
